 Dungeon Crawl Stone Soup version 0.17-a0-1954-g0dddeaa (webtiles) character file.

2493 4thArraOfDagon the Cleaver (level 9, -11/123 HPs)
             Began as a Deep Dwarf Berserker on Oct 3, 2015.
             Was a Believer of Trog.
             Mangled by Snorg (14 damage)
             ... on level 11 of the Dungeon.
             The game lasted 00:06:16 (1136 turns).

4thArraOfDagon the Cleaver (Deep Dwarf Berserker)   Turns: 1136, Time: 00:06:17

Health: -11/123    AC: 15    Str: 29    XL:     9   Next: 27%
Magic:  10/10      EV:  8    Int:  8    God:    Trog [**....]
Gold:   96         SH:  0    Dex: 12    Spells: 0 memorised, 8 levels left

rFire  . . .     SeeInvis .     a - +1 hand axe
rCold  . . .     Clarity  .     m - +0 plate armour
rNeg   . . .     SustAt   .     (no shield)
rPois  .         Gourm    .     n - +0 helmet
rElec  .         Spirit   .     (no cloak)
rCorr  .         Warding  .     (no gloves)
rMut   .         Stasis   .     k - +0 pair of boots
MR     +....                    (no amulet)
Stlth  ..........               (no ring)
                                (no ring)

@: berserking, lethally poisoned (-11 -> -11), non-regenerating, very quick,
somewhat resistant to hostile enchantments, extremely unstealthy
A: damage resistance, recharge devices, sense surroundings 2, slow healing 3
a: Device Recharging, Burn Spellbooks, Berserk, Trog's Hand, Renounce Religion


You were on level 11 of the Dungeon.
You worshipped Trog.
Trog was pleased with you.
You were hungry.

You visited 1 branch of the dungeon, and saw 11 of its levels.

You collected 96 gold pieces.

Inventory:

Hand weapons
 a - a +1 hand axe (weapon)
Armour
 k - a +0 pair of boots (worn)
 m - a +0 plate armour (worn)
 n - a +0 helmet (worn)
Jewellery
 o - an uncursed ring of protection from cold {unknown}
Magical devices
 c - a wand of heal wounds (4)
 u - a wand of paralysis (8)
Scrolls
 h - 2 scrolls of teleportation
 i - a scroll of remove curse
Potions
 b - a potion of might
 r - a potion of curing {unknown}
 s - a potion of invisibility {unknown}
Books
 p - a book of Conjurations

   Spells                             Type                      Level
   a - Magic Dart                     Conjuration                  1
   b - Searing Ray                    Conjuration                  2
   c - Dazzling Spray                 Conjuration/Hexes            3
   d - Fulminant Prism                Conjuration/Hexes            4
   e - Iskenderun's Mystic Blast      Conjuration                  4
   f - Iskenderun's Battlesphere      Conjuration/Charms           5
   Trog disapproves of the use of such an item.
 q - a book of Cantrips

   Spells                             Type                      Level
   a - Corona                         Hexes                        1
   b - Animate Skeleton               Necromancy                   1
   c - Summon Small Mammal            Summoning                    1
   d - Apportation                    Translocation                1
   Trog disapproves of the use of such an item.
Comestibles
 d - 3 bread rations
 f - a slice of pizza
 t - 3 chunks of flesh


   Skills:
 + Level 6.1 Fighting
 * Level 9.7 Axes
 + Level 7.1 Armour
 - Level 2.1 Dodging
 + Level 4.6 Evocations


You had 8 spell levels left.
You didn't know any spells.

Dungeon Overview and Level Annotations

Branches:
Dungeon (11/15)              Lair (0/8) D:8
 Temple: D:4-7          Orc: D:9-12

Altars:
Elyvilon
Nemelex Xobeh
Okawaru

Annotations:
D:11 Fannar, Snorg


Innate Abilities, Weirdness & Mutations

You are resistant to damage.
You can recharge devices by infusing magical energy.
You passively map the area around you.
You do not heal naturally.


Message History

You hit the purple ugly thing.
The purple ugly thing is almost dead.
You hear the faint crackling of a distant melting archway.
Snorg bites you!
* * * LOW HITPOINT WARNING * * *
Snorg claws you.
* * * LOW HITPOINT WARNING * * *
Snorg claws you but does no damage.
Unknown command.
Unknown command.
You slash Snorg!
Snorg is moderately wounded.
You hit the purple ugly thing.
The purple ugly thing is almost dead.
The purple ugly thing kicks you!
* * * LOW HITPOINT WARNING * * *
Snorg bites you.
* * * LOW HITPOINT WARNING * * *
Snorg claws you!
You die...

# #...# *, * +.##...# *,
*......# *, * #...# ,
#...############ ,,.
#............... *
...######(.............. *
,,.......))...............
,,,
......)@(...............
,*
......Tu)###............
.........# ##########...
** * .....###.# #...
,..... #.#, #... , , ,
#### **#.# , , #... , ,,
... , , #... , * * ...,,
,, #... , * , , , * #...


You could see Snorg (berserk) and a purple ugly thing.

Vanquished Creatures
  Josephine (D:11)
  A centaur skeleton (D:10)
  A troll (D:10)
  5 wraiths (D:11)
  A wasp (D:7)
  The ghost of Shim the Chucker, an average KoHu of Xom (D:3)
  2 big kobolds (D:11)
  A crimson imp (D:7)
  A giant frog skeleton (D:11)
  3 orc wizards
  2 worker ants (D:7)
  A hound skeleton (D:6)
  2 adders
  A worm (D:2)
  2 giant geckos
  5 orcs
  3 bats
  A giant newt (D:7)
  A goblin (D:2)
  11 kobolds (D:11)
  2 rats
48 creatures vanquished.

Vanquished Creatures (others)
  2 fungi (D:8)
2 creatures vanquished.

Grand Total: 50 creatures vanquished

Notes
Turn   | Place    | Note
--------------------------------------------------------------
     0 | D:1      | 4thArraOfDagon the Deep Dwarf Berserker began the quest for the Orb.
     0 | D:1      | Reached XP level 1. HP: 20/20 MP: 1/1
    63 | D:2      | Reached XP level 2. HP: 27/27 MP: 2/2
   120 | D:2      | You fall through a shaft!
   120 | D:3      | Noticed Shim's ghost (average KoHu)
   133 | D:3      | Killed Shim's ghost
   133 | D:3      | Reached skill level 4 in Axes
   133 | D:3      | Reached XP level 3. HP: 34/34 MP: 3/3
   133 | D:3      | Reached XP level 4. HP: 42/42 MP: 4/4
   160 | D:3      | Found an iron altar of Okawaru.
   271 | D:5      | Entered Level 5 of the Dungeon
   484 | D:7      | Reached skill level 5 in Axes
   484 | D:7      | Reached XP level 5. HP: 28/49 MP: 5/5
   608 | D:7      | Noticed a wasp
   614 | D:7      | Paralysed by a wasp for 1 turns
   621 | D:7      | Killed a wasp
   621 | D:7      | Reached XP level 6. HP: 57/57 MP: 6/6
   637 | D:7      | Found a sparkling altar of Nemelex Xobeh.
   770 | D:8      | Found a white marble altar of Elyvilon.
   791 | D:7      | Noticed an orc warrior
   793 | D:8      | Found a staircase to the Lair.
   816 | D:10     | Entered Level 10 of the Dungeon
   816 | D:10     | Noticed a centaur skeleton
   832 | D:10     | Killed a centaur skeleton
   832 | D:10     | Reached skill level 6 in Axes
   832 | D:10     | Reached skill level 5 in Armour
   832 | D:10     | Reached XP level 7. HP: 66/66 MP: 7/7
   848 | D:10     | Noticed a troll
   889 | D:10     | Killed a troll
   889 | D:10     | Reached skill level 7 in Axes
   946 | D:11     | Noticed a wraith
   969 | D:11     | Killed a wraith
   969 | D:11     | Reached skill level 5 in Fighting
   998 | D:11     | Noticed a komodo dragon
  1008 | D:11     | Noticed Fannar
  1016 | D:11     | HP: 2/67 [Fannar/bolt of cold (2)]
  1029 | D:11     | Noticed Josephine
  1029 | D:11     | Noticed a wraith
  1029 | D:11     | Noticed a wraith
  1029 | D:11     | Noticed a wraith
  1030 | D:11     | Noticed a wraith
  1041 | D:11     | Killed Josephine
  1041 | D:11     | Reached skill level 9 in Axes
  1041 | D:11     | Reached XP level 8. HP: 70/76 MP: 5/8
  1054 | D:11     | Killed a wraith
  1066 | D:11     | Killed a wraith
  1066 | D:11     | Gained mutation: You passively map the area around you. [Deep Dwarf growth]
  1066 | D:11     | Reached XP level 9. HP: 82/82 MP: 7/10
  1072 | D:11     | Killed a wraith
  1077 | D:11     | Killed a wraith
  1116 | D:11     | Noticed Snorg
  1121 | D:11     | Noticed a purple ugly thing
  1124 | D:11     | Acquired Trog's second power
  1136 | D:11     | HP: 5/123 [purple ugly thing (11)]
  1136 | D:11     | Mangled by Snorg

Vault maps used:
D:1:      tarquinn_simple_flora_water_b
D:2:      forest_paths
D:3:      lemuel_doored_altar, uniq_sigmund
D:4:      ashenzari_conservatory_becter, xom_redecorated,
          grunt_dithmenos_shadows, kennysheep_generic_room_7, uniq_edmund,
          uniq_blork_the_orc
D:5:      first_bread, kennysheep_generic_room_10
D:6:      old_standard_altar, temple_hall, grunt_gozag_statues
D:7:      tgw_fedhas, kennysheep_mini_moat, kennysheep_little_box,
          nicolae_overflow_hidden_temple, the_bakery
D:8:      lemuel_crystal_altar, due_lair_maze_entry_diamond,
          hangedman_feature_mirror, minivault_19
D:9:      yredelemnul_altar_generic
D:10:     lemuel_upstairs_altar
D:11:     serial_shops, nicolae_shop_window_shopping,
          portal_ice_cave_entry_imps, uniq_snorg, uniq_fannar, uniq_josephine

Action                   |  1- 3 |  4- 6 |  7- 9 || total
-------------------------+-------+-------+-------++-------
Melee: Hand axe          |    18 |    84 |    75 ||   177
Invok: Berserk           |     2 |     4 |     4 ||    10
 Abil: Device Recharging |       |       |     2 ||     2
Evoke: Wand              |       |     1 |     8 ||     9
  Use: Scroll            |       |       |     8 ||     8
       Potion            |       |       |     1 ||     1
  Eat: Chunk             |       |     5 |     5 ||    10
